 Dungeon Sprint DCSS version 0.31-a0-876-gfe8ebadbca (webtiles) character file.

Game seed: 9154014253540601285

1008 rocky1 the Carver (level 8, 0/62 HPs)
             Began as a Djinni Gladiator on Oct 14, 2023.
             Was an Initiate of Gozag.
             Shot with a bolt by a yaktaur (31 damage)
             ... in the Dungeon (Sprint II: "The Violet Keep of Menkaure").
             The game lasted 00:03:58 (634 turns).

rocky1 the Carver (Djinni Gladiator)                 Turns: 634, Time: 00:03:58

Health: 0/62       AC:  9    Str: 13    XL:     8   Next: 44%
Gold:   451        EV: 16    Int:  9    God:    Gozag SH:  0 Dex: 18

rFire   + + +        n - +2 falchion (protect)
rCold   x . .        (no shield)
rNeg    . . .        m - +1 ring mail {rF+}
rPois   ∞            c - +0 helmet
rElec   .            o - +0 cloak
rCorr   .            (no gloves)
SInv    .            (boots unavailable)
Will    .....        (no amulet)
Stlth   +            (no ring)
HPRegen 0.30/turn    (no ring)
MPRegen 0.00/turn

%: no teleportation, infuse magic (-1 HP)
@: flying
A: sickness immunity, fire resistance 2, cold vulnerability 1, float, innate
caster, HP casting, extra vitality 1
a: Renounce Religion, Potion Petition, Call Merchant, Bribe Branch


You were in the Dungeon.
You worshipped Gozag.
Gozag was aware of your devotion.
You visited 1 branch You collected 1395 gold pieces.
You spent 944 gold pieces at shops.

Inventory:

Hand Weapons
 a - a +0 long sword
 n - a +2 falchion of protection (weapon)
Missiles
 d - 3 throwing nets (quivered)
 e - a javelin
Armour
 c - a +0 helmet (worn)
 m - a +1 ring mail of fire resistance (worn)
 o - a +0 cloak (worn)
Scrolls
 b - a scroll of identify {unknown}
 j - a scroll of blinking
Potions
 f - 2 potions of curing
 g - a potion of heal wounds
 h - a potion of haste
 i - a potion of invisibility
 k - a potion of mutation
 l - a potion of might


   Skills:
 + Level 6.6 Fighting
 + Level 11.0 Long Blades
 + Level 3.7 Throwing
 + Level 3.6 Armour
 + Level 10.5 Dodging
 + Level 0.4 Stealth
 * Level 2.5 Spellcasting
 * Level 2.5 Conjurations
 * Level 2.5 Hexes
 * Level 2.5 Summonings
 * Level 2.5 Necromancy
 * Level 2.5 Translocations
 * Level 2.5 Transmutations
 * Level 2.5 Fire Magic
 * Level 2.5 Ice Magic
 * Level 2.5 Air Magic
 * Level 2.5 Earth Magic
 * Level 2.5 Poison Magic


You knew the following spells:

 Your Spells              Type           Power      Damage    Failure   Level
a - Kiss of Death         Conj/Necr      20%        2d7       22%         1
b - Passwall              Tmut/Erth      4%         N/A       34%         2
c - Wereblood             Tmut           5%         N/A       34%         2
Your spell library was empty.

Dungeon Overview and Level Annotations

Branches:
Dungeon (1/1)

Altars:
Cheibriados
Dithmenos
Elyvilon
Fedhas
Gozag
Hepliaklqana
Makhleb
Nemelex Xobeh
Okawaru
Qazlal
Ru
Trog
Uskayaw
Wu Jian
Xom
Yredelemnul
Zin
The Shining One
Jiyva
Lugonu

Shops:
D :*=!!([=*[?:*((

Annotations:
D exclusions: ice statue, obsidian statue and oklob plant


Innate Abilities, Weirdness & Mutations

You are immune to sickness and miasma.
You are immune to poison.
Your flesh is very heat resistant. (rF++)
You are vulnerable to cold. (rC-)
You float through the air rather than walking.
You learn spells naturally, not from books.
Your magical power is your life essence.
You have superior vitality. (+4 MHP)


Message History

The polar bear bites you but does no damage.
The polar bear claws you.
* * * LOW HITPOINT WARNING * * *
The polar bear barely misses you.
You hit the polar bear.
The polar bear is heavily wounded.
The polar bear bites you but does no damage.
The polar bear claws you but does no damage.
The polar bear claws you.
* * * LOW HITPOINT WARNING * * *
Unknown command.
You hit the polar bear but do no damage.
The polar bear is heavily wounded.
The polar bear bites you but does no damage.
The polar bear completely misses you. The polar bear misses you.
You slash the polar bear!
The polar bear is severely wounded.
You hit the polar bear.
The polar bear is almost dead.
The polar bear goes berserk!
You slash the polar bear!
You kill the polar bear!
Your Long Blades skill increases to level 11!
You now have enough gold to petition Gozag for potion effects.
You now have 406 gold pieces (gained 135).
You now have 451 gold pieces (gained 45).
You start resting.
The ice statue glitters chillingly in the dim dungeon light. x6
HP restored.
The walls and floor vibrate strangely for a moment.
A yaktaur comes into view.
The yaktaur wields a +0 arbalest.
The yaktaur shoots a bolt.
The bolt hits you!
A polar bear comes into view.
The yaktaur shoots a bolt.
The bolt hits you!
The polar bear moves out of view.
You are too injured to fight recklessly!
You are too injured to fight recklessly!
The yaktaur shoots a bolt.
The bolt hits you!!
Ouch! That really hurt!
You die...
Your body crumbles into a pile of gold.

#####.#####..## #..#
#.###'###.##..# +..# # $)
##.##.##...#..# #..# .# $[$
.##'.<.÷.##'..### ..##.#▓$?)
...##.##...#....###.^.##▓▓▓▓
#.###+###.##....§.~c~~~~~~~~
####. $####~~.§.§.~#'#######
~~#.° B.#~§~~§§~..~#_._._...
#~##B#.##~~§§~§~@.~#._._._._
#~~##+##~~~≈§≈§~~~~#_._._._.
##~~~~~~~~~~≈≈≈≈~~~#._._._._
#+++#+++#~≈§≈§≈≈§~#.._._._.
≈○≈≈≈ ##§§≈###§≈#..._._._
≈≈≈≈°≈≈○≈##≈§#|#≈§#...._._.
≈≈≈○≈8≈≈≈≈≈+≈≈#'#§≈#....._..
#≈≈≈≈≈≈≈≈≈##§§≈≈§≈≈#########
##≈≈≈°≈≈≈###########~~~~~~~~


You could see a yaktaur.

Vanquished Creatures
  A polar bear (D)
  A hornet (D)
  Menkaure (D)
  2 water moccasins (D)
  4 necrophages (D)
  4 scorpions (D)
  A hell rat (D)
  3 worms (D)
17 creatures vanquished.

Notes
Turn   | Place    | Note
-------+----------+-------------------------------------------
     0 | D        | rocky1 the Djinni Gladiator began the quest for the Orb.
     0 | D        | Reached XP level 1. HP: 18/18 MP: 0/0
     1 | D        | Noticed a necrophage
     1 | D        | Noticed a necrophage
     1 | D        | Noticed a necrophage
     1 | D        | Noticed a necrophage
     4 | D        | Killed a necrophage
     5 | D        | Reached skill level 5 in Long Blades
     5 | D        | Reached XP level 2. HP: 25/25 MP: 0/0
     5 | D        | Reached XP level 3. HP: 30/30 MP: 0/0
     5 | D        | Learned a level 1 spell: Kiss of Death
     5 | D        | Reached XP level 4. HP: 35/35 MP: 0/0
     7 | D        | Killed a necrophage
     8 | D        | Reached skill level 6 in Long Blades
     8 | D        | Reached XP level 5. HP: 40/40 MP: 0/0
     8 | D        | Learned a level 2 spell: Passwall
    14 | D        | Reached skill level 7 in Long Blades
    20 | D        | Reached XP level 6. HP: 33/48 MP: 0/0
    27 | D        | Noticed a water moccasin
    29 | D        | Noticed Menkaure
    31 | D        | Killed a water moccasin
    32 | D        | Reached skill level 8 in Long Blades
    41 | D        | Killed Menkaure
    42 | D        | Reached skill level 5 in Fighting
    42 | D        | Reached skill level 9 in Long Blades
    42 | D        | Reached skill level 1 in Armour
    42 | D        | Reached XP level 7. HP: 42/54 MP: 0/0
    42 | D        | Learned a level 2 spell: Wereblood
    42 | D        | Found an iron altar of Okawaru.
    42 | D        | Found an opulent altar of Gozag.
    43 | D        | Found a sparkling altar of Nemelex Xobeh.
    43 | D        | Found a blossoming altar of Fedhas.
    44 | D        | Found a burning altar of Makhleb.
    44 | D        | Found a white marble altar of Elyvilon.
    45 | D        | Found a hide-covered altar of Uskayaw.
    45 | D        | Found a corrupted altar of Lugonu.
    45 | D        | Found a shadowy altar of Dithmenos.
    46 | D        | Found a glowing silver altar of Zin.
    46 | D        | Found a bloodstained altar of Trog.
    47 | D        | Found a basalt altar of Yredelemnul.
    47 | D        | Found a viscous altar of Jiyva.
    48 | D        | Found a shimmering altar of Xom.
    48 | D        | Found a sacrificial altar of Ru.
    50 | D        | Found a glowing golden altar of the Shining One.
    50 | D        | Found an ornate altar of the Wu Jian Council.
    50 | D        | Found a stormy altar of Qazlal.
    50 | D        | Found a snail-covered altar of Cheibriados.
    50 | D        | Found a hazy altar of Hepliaklqana.
    54 | D        | Became a worshipper of Gozag Ym Sagoz the Greedy
    75 | D        | Noticed an obsidian statue
    91 | D        | Noticed an ice statue
   104 | D        | Noticed a boulder beetle
   104 | D        | Noticed a boulder beetle
   109 | D        | Found Mauti's Weapon Emporium.
   111 | D        | Found Pebu's Book Shoppe.
   113 | D        | Found Tuzeo's General Store.
   113 | D        | Found Wifremeu's Jewellery Emporium.
   113 | D        | Found Erhyuf's Antique Armour Shoppe.
   114 | D        | Found Lioboor's Distillery.
   114 | D        | Found Sazuytowk's Distillery.
   115 | D        | Found Alovaryo's Magic Scroll Shoppe.
   115 | D        | Found Caba's Jewellery Emporium.
   116 | D        | Found Lavism's General Store.
   117 | D        | Found Qecupa's Assorted Antiques.
   117 | D        | Found Niriots's Weapon Emporium.
   117 | D        | Noticed a great orb of eyes
   118 | D        | Found Voleim's Antique Weapon Shoppe.
   118 | D        | Found Wenism's Antique Armour Emporium.
   218 | D        | Reached skill level 10 in Dodging
   218 | D        | Reached skill level 1 in Spellcasting
   218 | D        | Reached skill level 1 in Conjurations
   218 | D        | Reached skill level 1 in Hexes
   218 | D        | Reached skill level 1 in Summonings
   218 | D        | Reached skill level 1 in Necromancy
   218 | D        | Reached skill level 1 in Translocations
   218 | D        | Reached skill level 1 in Transmutations
   218 | D        | Reached skill level 1 in Fire Magic
   218 | D        | Reached skill level 1 in Ice Magic
   218 | D        | Reached skill level 1 in Air Magic
   218 | D        | Reached skill level 1 in Earth Magic
   218 | D        | Reached skill level 1 in Poison Magic
   246 | D        | Reached skill level 10 in Long Blades
   302 | D        | Noticed a shining eye
   304 | D        | Noticed a water moccasin
   304 | D        | Noticed an oklob plant
   317 | D        | Killed a water moccasin
   318 | D        | Reached XP level 8. HP: 60/61 MP: 0/0
   323 | D        | Found Jytwid's Book Shoppe.
   324 | D        | Noticed a shining eye
   327 | D        | Noticed a shining eye
   332 | D        | Bought a potion of heal wounds for 60 gold pieces
   332 | D        | Bought a potion of invisibility for 96 gold pieces
   332 | D        | Bought a potion of mutation for 96 gold pieces
   332 | D        | Bought a potion of might for 48 gold pieces
   338 | D        | Bought a runed ring mail for 147 gold pieces
   360 | D        | Bought a scorched leather armour for 119 gold pieces
   360 | D        | Identified the +3 leather armour of Integrity {Harm Fly
                  | Str-2 Dex+5} (You bought it in a shop in the Dungeon)
   360 | D        | Bought a cloak for 76 gold pieces
   369 | D        | Bought a potion of curing for 63 gold pieces
   369 | D        | Bought a scroll labelled KEKKE PU PEA for 21 gold pieces
   375 | D        | Bought a +2 falchion of protection for 218 gold pieces
   431 | D        | Noticed a polar bear
   431 | D        | Noticed a polar bear
   434 | D        | Noticed a hornet
   460 | D        | Killed a hornet
   467 | D        | Killed a polar bear
   468 | D        | Reached skill level 11 in Long Blades
   631 | D        | Noticed a yaktaur
   633 | D        | Noticed a polar bear
   634 | D        | Shot with a bolt by a yaktaur

Illustrated notes

Levels and vault maps discovered:
D:        the_violet_keep_of_menkaure [sprint2_stairs_cluster_1,
          sprint2_shoproom, sprint2_temple, sprint2_basic_supplies,
          sprint2_obstacle_2, sprint2_obstacle_3, sprint2_obstacle_5,
          sprint2_obstacle_4, sprint2_obstacle_1, sprint2_timed_cluster_1,
          sprint2_smallroom_cluster_1, sprint2_smallroom_final_cluster_1,
          sprint2_transparent_cluster_1, sprint2_second_timed_cluster_1,
          sprint2_sniper_area_1, sprint2_heavy_combat_area_1,
          sprint2_mutation_trap_area_1, sprint2_forest_area_1,
          sprint2_light_combat_area_1, sprint2_behind_water_1,
          sprint2_near_end_vault_1]

Skill      XL: |  1  2  3  4  5  6  7  8 |
---------------+-------------------------+-----
Fighting       | 3 4 5 6 |  6.6
Long Blades    | 5 6 7 9 10 11 | 11.0
Throwing       | 2 3 |  3.7
Dodging        | 6 7 8 9 10 | 10.5
Armour         | 1 2 3 |  3.6
Spellcasting   | 2 |  2.5
Conjurations   | 2 |  2.5
Hexes          | 2 |  2.5
Summonings     | 2 |  2.5
Necromancy     | 2 |  2.5
Translocations | 2 |  2.5
Transmutations | 2 |  2.5
Fire Magic     | 2 |  2.5
Ice Magic      | 2 |  2.5
Air Magic      | 2 |  2.5
Earth Magic    | 2 |  2.5
Poison Magic   | 2 |  2.5
Stealth        | |  0.4

Action                     |  1- 3 |  4- 6 |  7- 9 || total
---------------------------+-------+-------+-------++-------
  Melee: Long sword        |     2 |    25 |    45 ||    72
         Punch             |       |     1 |     2 ||     3
         Falchion          |       |       |    31 ||    31
    Use: Potion            |     1 |     1 |       ||     2
 Armour: Leather armour    |       |     9 |    15 ||    24
         Ring mail         |       |       |    37 ||    37
  Dodge: Dodged            |       |    15 |    65 ||    80

Table legend: (Time is in decaauts)
 A = Elapsed time spent in this place.
 B = Non-inter-level travel time spent in this place.
 C = Inter-level travel time spent in this place.
 D = Time resting spent in this place.
 E = Time spent auto-exploring this place.
 F = Levels seen in this place.
 G = Mean time per level.
                   A        B        C        D        E       F      G
               +--------+--------+--------+--------+--------+-----+--------+
         Total |    631 |    631 |      0 |    244 |      0 |   1 |  631.0 |
       Dungeon |    631 |    631 |      0 |    244 |      0 |   1 |  631.0 |
               +--------+--------+--------+--------+--------+-----+--------+

Top non-repeatable levels by time:
       D: 631 daAuts
